 Dungeon Crawl Stone Soup version 0.29-a0-344-ge2f44be95a (webtiles) character file.

Game seed: 273029852154888545

12 spaghetti the Caller (level 2, 0/13 HPs)
             Began as a Vine Stalker Summoner on Apr 22, 2022.
             Slain by a ball python (2 damage)
             ... on level 1 of the Dungeon.
             The game lasted 00:01:46 (712 turns).

spaghetti the Caller (Vine Stalker Summoner)         Turns: 712, Time: 00:01:47

Health: 0/13       AC:  2    Str: 10    XL:     2   Next: 33%
Magic:  0/6        EV: 12    Int: 15    God:
Gold:   16         SH:  0    Dex: 14    Spells: 4/5 levels left

rFire   . . .      SeeInvis .   d - +0 short sword {short}
rCold   . . .      Faith    .   (no shield)
rNeg    . . .      Spirit   +   a - +0 robe
rPois   .          Reflect  .   (no helmet)
rElec   .          Harm     .   (no cloak)
rCorr   .          Rampage  .   (no gloves)
Will    .....                   (no boots)
Stlth   ++........              (no amulet)
HPRegen 0.04/turn               (no ring)
MPRegen 0.10/turn               (no ring)

@: no status effects
A: fangs 2, magic shield, antimagic bite, no potion heal 2
a: no special abilities


You were on level 1 of the Dungeon.
You visited 1 branch of the dungeon, and saw 1 of its levels.

You collected 16 gold pieces.


Innate Abilities, Weirdness & Mutations

You have extremely sharp teeth.
When hurt, damage is shared between your health and your magic reserves.
Your bite disrupts and absorbs the magic of your enemies.
Potions cannot restore your health.


   Skills:
 - Level 1.5 Dodging
 - Level 2.4 Stealth
 - Level 2.1 Spellcasting
 + Level 1.9 Conjurations
 - Level 4.0 Summonings


You had 4 spell levels left.
You knew the following spells:

 Your Spells              Type           Power      Damage    Failure   Level
a - Summon Small Mammal   Summ           52%        N/A       4%          1

Your spell library contained the following spells:

 Spells                   Type           Power      Damage    Failure   Level
 Call Imp                 Summ           13%        N/A       6%          2
 Call Canine Familiar     Summ           13%        N/A       13%         3
 Summon Guardian Golem    Hex/Summ       7%         N/A       28%         3
 Summon Lightning Spire   Summ/Air       7%         N/A       67%         4
 Orb of Destruction       Conj           3%         9d5       100%        7
 Spellforged Servitor     Conj/Summ      5%         N/A       100%        7

Inventory:

Hand Weapons
 d - a +0 short sword (weapon) {short}
   (You took it off a kobold on level 1 of the Dungeon)
Missiles
 c - 9 stones {throwing}
Armour
 a - a +0 robe (worn)
Scrolls
 e - a scroll of holy word {unknown}
 f - a scroll of acquirement {unknown}
Potions
 b - a potion of magic
 g - a potion of mutation {unknown}

Dungeon Overview and Level Annotations

Branches:
Dungeon (1/15)

Altars:

....# ##..# ##..... 8#..#
....... .##.# .......
._#.# .......
.##.############ .......
8#...r†........# .......
##..##########.###r......
...†............@Sb.>...#
..#############.##g.....#
..# ....#......# ..#
##.#.#......# ..+ ..
.#....... ..# ###
......?## ..# .......#
### #..#...#


You could see a quokka, a goblin, a bat, a ball python (ally target) and a
friendly quokka (summoned).


Message History

😎 MP[+1]
Your mp is fully restored (6).
A bat is nearby!
A bat is nearby!
A bat is nearby!
Casting: Summon Small Mammal (safe; 4% risk of failure)
Confirm with . or Enter, or press ? or * to list all spells.
The bat barely misses your quokka.
The bat completely misses your quokka. 😎 MP[-1]
You lost 1 mp, and now have 5/6 mp.
Casting: Summon Small Mammal (safe; 4% risk of failure)
Confirm with . or Enter, or press ? or * to list all spells.
The bat completely misses your quokka.
The bat hits your quokka but does no damage.
Your quokka bites the bat.
The bat dies! 😎 MP[-1]
You lost 1 mp, and now have 4/6 mp.
You swap places.
You see here a bat corpse.
Key pressed, stopping explore.
You swap places.
You swap places.
Your rat disappears in a puff of smoke!
Key pressed, stopping explore.
Your quokka disappears in a puff of smoke!
A bat comes into view. 😎 MP[+2]
Your mp is fully restored (6).
A bat is nearby!
A bat is nearby!
Found a stone staircase leading down.
The bat closely misses you.
A quokka and a goblin come into view.
The bat barely misses you.
Casting: Summon Small Mammal (safe; 4% risk of failure)
Confirm with . or Enter, or press ? or * to list all spells.
The bat hits you but does no damage. x2 😎 MP[-1]
You lost 1 mp, and now have 5/6 mp.
Really attack while wielding nothing? [Y]es or [N]o only, please.
Really attack while wielding nothing? [Y]es or [N]o only, please.
Really attack while wielding nothing? [Y]es or [N]o only, please.
Really attack while wielding nothing?
Okay, then.
d - a +0 short sword (weapon)
{short} A ball python comes into view.
The bat misses you.
You miss the bat.
The ball python hisses angrily.
The goblin shouts!
The bat barely misses you.
You hit the bat.
You kill the bat!
A bat comes into view.
You hit the quokka. Your punch misses the quokka. The quokka barely misses you.
The quokka bites you but does no damage.
You closely miss the quokka. You bite the quokka. You drain its power.
You feel invigorated. The ball python bites you. The ball python grabs you.
The ball python constricts you. The bat hits you but does no damage.
The quokka bites you. 😕 HP[-3] MP[-1]
You take 3 damage, and now have 10/13 hp.
MASSIVE DAMAGE!! (PAUSE)
You lost 1 mp, and now have 4/6 mp.
Casting: Summon Small Mammal (safe; 4% risk of failure)
Confirm with . or Enter, or press ? or * to list all spells.
The bat hits you but does no damage. The ball python barely misses you.
The ball python constricts you. The quokka barely misses you.
The ball python bites you.
The ball python constricts you. 😮 HP[-3] MP[-2]
You take 3 damage, and now have 7/13 hp.
MASSIVE DAMAGE!! (PAUSE)
You lost 2 mp, and now have 2/6 mp.
Unknown command.
You barely miss the quokka. Your bite misses the quokka.
The goblin hits you with a +0 club.
* * * LOW HITPOINT WARNING * * *
The quokka bites you but does no damage.
The ball python bites you. The ball python constricts you.
* * * LOW HITPOINT WARNING * * *
The quokka bites you.
* * * LOW HITPOINT WARNING * * *
The goblin hits you but does no damage. 😱 HP[-5] MP[-2]
You take 5 damage, and now have 2/13 hp.
MASSIVE DAMAGE!! (PAUSE)
You lost 2 mp, and now have 0/6 mp.
You escape the ball python's grasp.
You swap places.
The goblin attacks as you move away! The goblin hits you but does no damage.
The quokka bites your rat.
Your rat dies!
Your rat's corpse disappears in a puff of smoke!
You swap places.
The ball python attacks as you move away!
The ball python bites you.
You die...

Skill      XL: |  1 |
---------------+----+-----
Conjurations   | 1 |  1.9
Dodging        | |  1.5
Stealth        | |  2.4
Spellcasting   | |  2.1
Summonings     | |  4.0

Action                   || total
-------------------------++-------
Melee: Short sword       ||     5
       Bite              ||     1
 Cast: Summon Small Mamm ||    28
Armor: Robe              ||     8
Dodge: Dodged            ||     7

Levels and vault maps discovered:
D:1:      minmay_arrival_open_corners, layout_basic, serial_shops, shop,
          shop_fountains, dreamdust_ecumenical_altar_sealed_demon

Notes
Turn   | Place    | Note
-------+----------+-------------------------------------------
     0 | D:1      | spaghetti the Vine Stalker Summoner began the quest for the
                  | Orb.
     0 | D:1      | Reached XP level 1. HP: 9/9 MP: 4/4
     0 | D:1      | magus.rc [v1.9.6]
     3 | D:1      | You pick up a book of Dangerous Friends and begin
                  | reading...
     3 | D:1      | You add the spells Orb of Destruction and Spellforged
                  | Servitor to your library.
   161 | D:1      | Reached skill level 1 in Conjurations
   485 | D:1      | Reached XP level 2. HP: 13/13 MP: 0/6
   642 | D:1      | Found a faded altar of an unknown god.
   710 | D:1      | HP: 2/13 [quokka (2)]
   712 | D:1      | Slain by a ball python

Vanquished Creatures
  A bat (D:1)
1 creature vanquished.

Vanquished Creatures (collateral kills)
  A dart slug (D:1)
  An endoplasm (D:1)
  A giant cockroach (D:1)
  A quokka (D:1)
  3 ball pythons (D:1)
  A bat (D:1)
  A frilled lizard (D:1)
  A kobold (D:1)
10 creatures vanquished.

Vanquished Creatures (others)
  A demonic plant (D:1)
1 creature vanquished.

Grand Total: 12 creatures vanquished

Table legend:
 A = Non-vault XP
 B = Vault XP
 C = Vault XP percentage of total XP
 D = Non-vault monster count
 E = Vault monster count
 F = Vault count percentage of total count
                 A         B        C        D         E       F
            +---------+---------+-------+---------+---------+-------
      Total |      18 |       0 |   0.0 |      11 |       0 |   0.0
            +---------+---------+-------+---------+---------+-------
        D:1 |      18 |       0 |   0.0 |      11 |       0 |   0.0
            +---------+---------+-------+---------+---------+-------

Illustrated notes

Table legend:
 A = Kills in this place as a percentage of kills in entire the game.
 B = Kills by you in this place as a percentage of kills by you in the entire game.
 C = Kills by friends in this place as a percentage of kills by friends in the entire game.
 D = Other kills in this place as a percentage of other kills in the entire game.
 E = Experience gained in this place as a percentage of experience gained in the entire game.
 F = Experience gained in this place divided by the number of levels of this place that you have seen.
                   A       B       C       D       E      F
               +-------+-------+-------+-------+-------+----------------------
         Total | 100.0 | 100.0 | 100.0 |   N/A | 100.0 |  18.0
       Dungeon | 100.0 | 100.0 | 100.0 |   N/A | 100.0 |  18.0
               +-------+-------+-------+-------+-------+----------------------

Table legend: (Time is in decaauts)
 A = Elapsed time spent in this place.
 B = Non-inter-level travel time spent in this place.
 C = Inter-level travel time spent in this place.
 D = Time resting spent in this place.
 E = Time spent auto-exploring this place.
 F = Levels seen in this place.
 G = Mean time per level.
                   A        B        C        D        E       F      G
               +--------+--------+--------+--------+--------+-----+--------+
         Total |    712 |    712 |      0 |      0 |    554 |   1 |  712.0 |
       Dungeon |    712 |    712 |      0 |      0 |    554 |   1 |  712.0 |
               +--------+--------+--------+--------+--------+-----+--------+

Top non-repeatable levels by time:
     D:1: 712 daAuts
